PCL
TEXARKANA BEARS @ GRESHAM GOLD SOULS
09/18/2029
 
TOP OF THE 1ST
Texarkana Bears batting - Pitching for Gresham Gold Souls : RHP Paul Miller
Pitching: RHP Paul Miller
Batting: LHB Alberto Medine 0-0: Ball
1-0: SINGLE (Flyball, 78S)
Batting: RHB Sadao Kimura 0-0: Foul Ball, location: 2F
0-1: Foul Ball, location: 2F
0-2: Ball
1-2: Ball
2-2: Ball
3-2: Foul Ball, location: 2F
3-2: Foul Ball, location: 2F
3-2: Fly out, F8 (Flyball, 8RM)
Batting: RHB Billy Campbell 0-0: Called Strike
0-1: Ball
1-1: Swinging Strike
1-2: Strikes out swinging
Batting: RHB Lu-fang Huie 0-0: Ball
1-0: Called Strike
1-1: Ball
2-1: Foul Ball, location: 2F
2-2: Foul Ball, location: 2F
2-2: Fly out, F8 (Line Drive, 8LD)
Top of the 1st over - 0 runs, 1 hit, 0 errors, 1 left on base; Texarkana 0 - Gresham 0
BOTTOM OF THE 1ST
Gresham Gold Souls batting - Pitching for Texarkana Bears : RHP Vaughan Gillespie
Pitching: RHP Vaughan Gillespie
Batting: LHB Alberto Varela 0-0: Called Strike
0-1: Bunt for hit - play at first, batter OUT! 1-3
Batting: LHB Joel Nelson 0-0: Ball
1-0: Foul Ball, location: 2F
1-1: Ball
2-1: Fly out, F9 (Flyball, 9LSF)
Batting: RHB Norm Francis 0-0: Ball
1-0: Ball
2-0: Ball
3-0: Base on Balls
Batting: RHB Mario Beltrán 0-0: Ball
1-0: Ball
2-0: Fly out, F3 (Popup, 3F)
Bottom of the 1st over - 0 runs, 0 hits, 0 errors, 1 left on base; Texarkana 0 - Gresham 0
TOP OF THE 2ND
Texarkana Bears batting - Pitching for Gresham Gold Souls : RHP Paul Miller
Batting: LHB Sam Barnes 0-0: Ball
1-0: Ball
2-0: Foul Ball, location: 2F
2-1: Foul Ball, location: 2F
2-2: Foul Ball, location: 2F
2-2: SINGLE (Line Drive, 4MD)
Batting: LHB Bernardo Morales 0-0: Called Strike
0-1: Ball
1-1: Ball
2-1: Fly out, F9 (Flyball, 89M)
Batting: RHB Steve Garneys 0-0: Ball
1-0: Called Strike
1-1: Foul Ball, location: 2F
1-2: Foul Ball, location: 2F
1-2: Grounds into double play, 6-4-3 (Groundball, 6)
Top of the 2nd over - 0 runs, 1 hit, 0 errors, 0 left on base; Texarkana 0 - Gresham 0
BOTTOM OF THE 2ND
Gresham Gold Souls batting - Pitching for Texarkana Bears : RHP Vaughan Gillespie
Batting: LHB Nick Scott 0-0: Called Strike
0-1: Swinging Strike
0-2: Ball
1-2: Ball
2-2: Strikes out looking
Batting: RHB Jim Villiers 0-0: Ball
1-0: Foul Ball, location: 2F
1-1: Swinging Strike
1-2: Foul Ball, location: 2F
1-2: Ball
2-2: Ball
3-2: Base on Balls
Batting: RHB Gabriel Miranda Pickoff Throw to First - Error! E1
Jim Villiers to second
0-0: Called Strike
0-1: Called Strike
0-2: Ball
1-2: Ground out 6-3 (Groundball, 6)
Jim Villiers to third
Batting: RHB Gustavo Pagán 0-0: Ball
1-0: Fly out, F1 (Line Drive, 13)
Bottom of the 2nd over - 0 runs, 0 hits, 1 error, 1 left on base; Texarkana 0 - Gresham 0
TOP OF THE 3RD
Texarkana Bears batting - Pitching for Gresham Gold Souls : RHP Paul Miller
Batting: RHB Arturo Rodríguez 0-0: Ball
1-0: Ball
2-0: Ball
3-0: Base on Balls
Batting: RHB Kun Liu 0-0: Foul Ball, location: 2F
0-1: Ball
1-1: Foul Ball, location: 2F
1-2: Fly out, F3 (Popup, 3)
Batting: LHB Alberto Medine 0-0: Ball
1-0: Fly out, F7 (Flyball, 78S)
Batting: RHB Sadao Kimura 0-0: SINGLE (Line Drive, 8RS)
Arturo Rodríguez to second
Batting: RHB Billy Campbell 0-0: Called Strike
0-1: Foul Ball, location: 2F
0-2: Fly out, F3 (Popup, 34S)
Top of the 3rd over - 0 runs, 1 hit, 0 errors, 2 left on base; Texarkana 0 - Gresham 0
BOTTOM OF THE 3RD
Gresham Gold Souls batting - Pitching for Texarkana Bears : RHP Vaughan Gillespie
Batting: RHB Willie Houk 0-0: SINGLE (Flyball, 3D)
Batting: LHB Alberto Varela 0-0: Fly out, F5 (Line Drive, 5)
Batting: LHB Joel Nelson 0-0: Ball
1-0: Ball
2-0: DOUBLE (Flyball, 7LD)
Willie Houk to third
Batting: RHB Norm Francis 0-0: Ball
1-0: Called Strike
1-1: SINGLE (Groundball, 56D)
Willie Houk scores
Joel Nelson to third
Runner from 3rd tries for Home, SAFE, no throw
Batting: RHB Mario Beltrán 0-0: Foul Ball, location: 2F
0-1: Ball
1-1: Ball
2-1: DOUBLE (Line Drive, 9D)
Norm Francis to third
Batting: LHB Nick Scott 0-0: Called Strike
0-1: Ball
1-1: Foul Ball, location: 2F
1-2: Ground out U3 (Groundball, 3L)
Batting: RHB Jim Villiers 0-0: Ball
1-0: Called Strike
1-1: Called Strike
1-2: Ball
2-2: Foul Ball, location: 2F
2-2: Ground out 6-3 (Groundball, 56)
Bottom of the 3rd over - 2 runs, 4 hits, 0 errors, 2 left on base; Texarkana 0 - Gresham 2
TOP OF THE 4TH
Texarkana Bears batting - Pitching for Gresham Gold Souls : RHP Paul Miller
Batting: RHB Lu-fang Huie 0-0: Called Strike
0-1: Swinging Strike
0-2: Ball
1-2: Foul Ball, location: 2F
1-2: Foul Ball, location: 2F
1-2: Strikes out swinging
Batting: LHB Sam Barnes 0-0: Called Strike
0-1: Ball
1-1: Ball
2-1: Ball
3-1: Base on Balls
Batting: LHB Bernardo Morales 0-0: Foul Ball, location: 2F
0-1: Foul Ball, location: 2F
0-2: Grounds into double play, 6-4-3 (Groundball, 6)
Top of the 4th over - 0 runs, 0 hits, 0 errors, 0 left on base; Texarkana 0 - Gresham 2
BOTTOM OF THE 4TH
Gresham Gold Souls batting - Pitching for Texarkana Bears : RHP Vaughan Gillespie
Batting: RHB Gabriel Miranda 0-0: Swinging Strike
0-1: Swinging Strike
0-2: Foul Ball, location: 2F
0-2: Ball
1-2: Ground out 6-3 (Groundball, 6)
Batting: RHB Gustavo Pagán 0-0: Fly out, F9 (Flyball, 9S)
Batting: RHB Willie Houk 0-0: Swinging Strike
0-1: Ball
1-1: Ball
2-1: Ground out 6-3 (Groundball, 56)
Bottom of the 4th over - 0 runs, 0 hits, 0 errors, 0 left on base; Texarkana 0 - Gresham 2
TOP OF THE 5TH
Texarkana Bears batting - Pitching for Gresham Gold Souls : RHP Paul Miller
Batting: RHB Steve Garneys 0-0: Foul Ball, location: 2F
0-1: Fly out, F9 (Flyball, 9LS)
Batting: RHB Arturo Rodríguez 0-0: Called Strike
0-1: Ball
1-1: Ball
2-1: Ball
3-1: Base on Balls
Batting: RHB Kun Liu 0-0: Called Strike
0-1: Foul Ball, location: 2F
0-2: Strikes out swinging
Batting: LHB Alberto Medine 0-0: Ball
1-0: Called Strike
1-1: Called Strike
1-2: Ball
2-2: Strikes out looking
Top of the 5th over - 0 runs, 0 hits, 0 errors, 1 left on base; Texarkana 0 - Gresham 2
BOTTOM OF THE 5TH
Gresham Gold Souls batting - Pitching for Texarkana Bears : RHP Vaughan Gillespie
Batting: LHB Alberto Varela 0-0: Ball
1-0: Called Strike
1-1: Ball
2-1: Ball
3-1: Foul Ball, location: 2F
3-2: Foul Ball, location: 2F
3-2: Fly out, F9 (Flyball, 9S)
Batting: LHB Joel Nelson 0-0: Ball
1-0: Ball
2-0: Foul Ball, location: 2F
2-1: Ball
3-1: Base on Balls
Batting: RHB Norm Francis 0-0: Ball
1-0: Swinging Strike
1-1: Foul Ball, location: 2F
1-2: Foul Ball, location: 2F
1-2: Fly out, F4 (Line Drive, 4)
Batting: RHB Mario Beltrán 0-0: Ball
1-0: Called Strike
1-1: Foul Ball, location: 2F
1-2: Ball
2-2: Foul Ball, location: 2F
2-2: Fly out, F8 (Flyball, 8RS)
Bottom of the 5th over - 0 runs, 0 hits, 0 errors, 1 left on base; Texarkana 0 - Gresham 2
TOP OF THE 6TH
Texarkana Bears batting - Pitching for Gresham Gold Souls : RHP Paul Miller
Batting: RHB Sadao Kimura 0-0: Ball
1-0: Ground out 5-3 (Groundball, 56)
Batting: RHB Billy Campbell 0-0: Swinging Strike
0-1: Swinging Strike
0-2: Ball
1-2: Strikes out looking
Batting: RHB Lu-fang Huie 0-0: Ball
1-0: Foul Ball, location: 2F
1-1: Called Strike
1-2: Foul Ball, location: 2F
1-2: Ball
2-2: Strikes out swinging
Top of the 6th over - 0 runs, 0 hits, 0 errors, 0 left on base; Texarkana 0 - Gresham 2
BOTTOM OF THE 6TH
Gresham Gold Souls batting - Pitching for Texarkana Bears : RHP Vaughan Gillespie
Batting: LHB Nick Scott 0-0: Ball
1-0: Ball
2-0: Ball
3-0: Called Strike
3-1: Foul Ball, location: 2F
3-2: SINGLE (Groundball, 4MD)
Batting: RHB Jim Villiers 0-0: Ball
1-0: Ball
2-0: Called Strike
2-1: Ball
3-1: Foul Ball, location: 2F
3-2: Fly out, F9 (Line Drive, 89D)
Pitching: RHP Jesús Sosa
Batting: RHB Gabriel Miranda 0-0: Ball
1-0: Called Strike
1-1: Grounds into double play, 5-4-3 (Groundball, 56)
Bottom of the 6th over - 0 runs, 1 hit, 0 errors, 0 left on base; Texarkana 0 - Gresham 2
TOP OF THE 7TH
Texarkana Bears batting - Pitching for Gresham Gold Souls : RHP Paul Miller
Batting: LHB Sam Barnes 0-0: Ball
1-0: Foul Ball, location: 2F
1-1: Ball
2-1: Fly out, F9 (Flyball, 89S)
Batting: LHB Bernardo Morales 0-0: Ball
1-0: Called Strike
1-1: Swinging Strike
1-2: Ball
2-2: Foul Ball, location: 2F
2-2: Ball
3-2: Strikes out swinging
Batting: RHB Steve Garneys 0-0: Ball
1-0: Called Strike
1-1: Foul Ball, location: 2F
1-2: Ground out 5-3 (Groundball, 56)
Top of the 7th over - 0 runs, 0 hits, 0 errors, 0 left on base; Texarkana 0 - Gresham 2
BOTTOM OF THE 7TH
Gresham Gold Souls batting - Pitching for Texarkana Bears : RHP Jesús Sosa
Batting: RHB Gustavo Pagán 0-0: Ball
1-0: Called Strike
1-1: Called Strike
1-2: Strikes out looking
Batting: RHB Willie Houk 0-0: Called Strike
0-1: SINGLE (Flyball, 8LS)
Batting: LHB Alberto Varela 0-0: Ball
1-0: Ball
2-0: Called Strike
2-1: Ball
3-1: Base on Balls
Willie Houk to second
Batting: LHB Joel Nelson 0-0: Ball
1-0: Called Strike
1-1: Called Strike
1-2: Foul Ball, location: 2F
1-2: Foul Ball, location: 2F
1-2: SINGLE (Line Drive, 7LM)
Willie Houk to third
Alberto Varela to second
Runner from 3rd tries for Home, SAFE, no throw
Batting: RHB Norm Francis 0-0: Called Strike
0-1: Foul Ball, location: 2F
0-2: Strikes out looking
Batting: RHB Mario Beltrán 0-0: Called Strike
0-1: Ball
1-1: Ball
2-1: Ball
3-1: Foul Ball, location: 2F
3-2: Foul Ball, location: 2F
3-2: SINGLE (Flyball, 9S)
Alberto Varela to third
Joel Nelson to second
Alberto Varela scores
Joel Nelson to third
Pitching: RHP Dave Hammond
Batting: LHB Nick Scott 0-0: Called Strike
0-1: Called Strike
0-2: Ground out 1-3 (Groundball, 15)
Bottom of the 7th over - 2 runs, 3 hits, 0 errors, 2 left on base; Texarkana 0 - Gresham 4
TOP OF THE 8TH
Texarkana Bears batting - Pitching for Gresham Gold Souls : RHP Paul Miller
Batting: RHB Arturo Rodríguez 0-0: Ball
1-0: Swinging Strike
1-1: Foul Ball, location: 2F
1-2: Ball
2-2: Ball
3-2: Foul Ball, location: 2F
3-2: Strikes out swinging
Pitching: RHP Jeff Hansen
Batting: RHB Kun Liu 0-0: Swinging Strike
0-1: Ball
1-1: Fly out, F7 (Flyball, 78S)
Batting: LHB Alberto Medine 0-0: Called Strike
0-1: Ball
1-1: SINGLE (Groundball, 3D)
Batting: RHB Sadao Kimura 0-0: Ball
1-0: Ball
2-0: Called Strike
2-1: Foul Ball, location: 2F
2-2: Foul Ball, location: 2F
2-2: Ground out 6-3 (Groundball, 6S)
Top of the 8th over - 0 runs, 1 hit, 0 errors, 1 left on base; Texarkana 0 - Gresham 4
BOTTOM OF THE 8TH
Gresham Gold Souls batting - Pitching for Texarkana Bears : RHP Dave Hammond
Batting: RHB Jim Villiers 0-0: Ball
1-0: Called Strike
1-1: Called Strike
1-2: Ball
2-2: Strikes out looking
Batting: RHB Gabriel Miranda 0-0: SINGLE (Groundball, 6MD)
Batting: RHB Gustavo Pagán 0-0: Called Strike
0-1: Ball
1-1: Swinging Strike
1-2: Ball
2-2: Strikes out looking
Batting: RHB Willie Houk 0-0: Ball
1-0: DOUBLE (Flyball, 78D)
Gabriel Miranda to third
Runner from 3rd tries for Home, SAFE, no throw
Batting: LHB Alberto Varela 0-0: Foul Ball, location: 2F
0-1: Fly out, F8 (Flyball, 78M)
Bottom of the 8th over - 1 run, 2 hits, 0 errors, 1 left on base; Texarkana 0 - Gresham 5
TOP OF THE 9TH
Texarkana Bears batting - Pitching for Gresham Gold Souls : RHP Jeff Hansen
Now at C: Alberto Chávez
Batting: RHB Billy Campbell 0-0: Ball
1-0: Ball
2-0: SINGLE (Flyball, 8LS)
Batting: RHB Lu-fang Huie 0-0: Called Strike
0-1: Foul Ball, location: 2F
0-2: Foul Ball, location: 2F
0-2: Strikes out swinging
Batting: LHB Sam Barnes 0-0: Called Strike
0-1: Called Strike
0-2: Ball
1-2: Strikes out swinging
Batting: LHB Bernardo Morales 0-0: Swinging Strike
0-1: Ball
1-1: Ball
2-1: Fly out, F8 (Flyball, 8LM)
Top of the 9th over - 0 runs, 1 hit, 0 errors, 1 left on base; Texarkana 0 - Gresham 5
Saturday, December 16th, 2017 - OOTP Baseball 18.8 Build 76